 Dungeon Sprint DCSS version 0.21-a0-229-g3587535 (webtiles) character file.

68605 Kidiri the Sorcerer (level 13, -6/83 HPs)
             Began as a Deep Elf Fire Elementalist on Sept 1, 2017.
             Was the Champion of Vehumet.
             Mangled by a spriggan defender
             ... wielding a +0 dagger
              (14 damage)
             ... in the Dungeon (Sprint III: "The Ten Rune Challenge").
             The game lasted 00:56:38 (8556 turns).

Kidiri the Sorcerer (Deep Elf Fire Elementalist)    Turns: 8556, Time: 00:56:39

Health: -6/83      AC:  9    Str:  7    XL:     13   Next: 75%
Magic:  27/40      EV: 25    Int: 25    God:    Vehumet [******]
Gold:   1273       SH:  4    Dex: 28    Spells: 3/54 levels left

rFire    . . .     SeeInvis +   a - +11 rapier of Kaxan {vamp, Dex+3}
rCold    . . .     Gourm    .   (no shield)
rNeg     + + .     Faith    .   g - +1 leather armour of the Lost Path {rN+ Dex+4 Stlth+}
rPois    +         Spirit   .   G - +0 hat {SInv}
rElec    .         Reflect  .   y - +2 ratskin cloak {+Rats rPois rN+ Str-1 Int-1 Dex+1}
rCorr    .         Harm     .   A - +0 pair of gloves {Dex+3}
MR       ++...     NoTele   +   (no boots)
Stlth    ++++......             p - amulet of magic regeneration
HPRegen  0.23/turn              b - +4 ring of evasion
MPRegen  0.52/turn              D - ring of Gunanita {MR+ Str+3 Stlth+}

@: heavily drained
A: large bone plates 1, agile 1, wild magic 1
}: 2/10 runes: decaying, barnacled
a: Renounce Religion, Evoke Ratskin


You were in the Dungeon.
You worshipped Vehumet.
Vehumet was exalted by your worship.
You were not hungry.

You visited 1 branch You collected 3535 gold pieces.
You spent 2262 gold pieces at shops.

Inventory:

Hand Weapons
 a - the +11 rapier of Kaxan (weapon) {vamp, Dex+3}
   (You took it off a deep elf demonologist in the Dungeon)

   It inflicts no extra harm, but heals its wielder when it wounds a living foe.
   It affects your dexterity (+3).
Armour
 g - the +1 leather armour of the Lost Path (worn) {rN+ Dex+4 Stlth+}
   (You bought it in a shop in the Dungeon)

   It affects your dexterity (+4).
   It protects you from negative energy.
   It makes you more stealthy.
 y - the +2 ratskin cloak (worn) {+Rats rPois rN+ Str-1 Int-1 Dex+1}
   (You bought it in a shop in the Dungeon)

   It affects your strength (-1).
   It affects your intelligence (-1).
   It affects your dexterity (+1).
   It protects you from poison.
   It protects you from negative energy.
 A - a +0 pair of gloves of dexterity (worn)
 G - a +0 hat of see invisible (worn)
Jewellery
 b - a +4 ring of evasion (left hand)
 p - an amulet of magic regeneration (around neck)
 B - the amulet "Homo" {Gourm Dex+2 Stlth+}
   (You bought it in a shop in the Dungeon)

   [amulet of the gourmand]

   It allows you to eat raw meat even when not hungry.
   It affects your dexterity (+2).
   It makes you more stealthy.
 D - the ring of Gunanita (right hand) {MR+ Str+3 Stlth+}
   (You took it off a deep elf mage in the Dungeon)

   [ring of protection from magic]

   It affects your strength (+3).
   It affects your resistance to hostile enchantments.
   It makes you more stealthy.
Wands
 e - a wand of disintegration (18/24)
 i - a wand of lightning (8/15)
 v - a wand of acid (12/15)
Scrolls
 h - 2 scrolls of enchant weapon
 k - a scroll of blinking
 o - a scroll of remove curse
 q - a scroll of torment
 r - a scroll of holy word
 C - 5 scrolls of amnesia {unknown}
 E - a scroll of silence
Potions
 s - 2 potions of berserk rage
 x - a potion of brilliance
 F - 2 potions of haste
 J - a potion of lignification
 L - 3 potions of might
 N - 3 potions of mutation
Comestibles
 O - a bread ration
 P - 6 fruits
 Q - a meat ration
 R - 17 royal jellies


   Skills:
 + Level 10.4(8.7) Fighting
 - Level 9.4(7.8) Short Blades
 + Level 10.3(8.7) Armour
 - Level 11.5(9.8) Dodging
 - Level 2.4(1.1) Stealth
 * Level 21.1(19.0) Spellcasting
 + Level 13.7(11.9) Conjurations
 + Level 14.0(12.2) Fire Magic
 + Level 11.9(10.2) Ice Magic
 + Level 11.9(10.2) Air Magic
 + Level 12.9(11.2) Poison Magic


You had 3 spell levels left.
You knew the following spells:

 Your Spells              Type           Power        Failure   Level  Hunger
a - Flame Tongue          Conj/Fire      #####        1%          1    None
b - Throw Flame           Conj/Fire      ######       1%          2    None
c - Conjure Flame         Conj/Fire      #######.     1%          3    None
d - Inner Flame           Hex/Fire       ######..     1%          3    None
e - Sticky Flame          Conj/Fire      #######.     1%          4    None
f - Fireball              Conj/Fire      #######...   1%          5    None
g - Bolt of Magma         Conj/Fire/Erth ######....   1%          5    None
h - Bolt of Fire          Conj/Fire      #######...   1%          6    ###....
i - Ignition              Fire           #######...   34%         8    ######.
j - Fire Storm            Conj/Fire      #######...   96%         9    #######
k - Throw Frost           Conj/Ice       ######       1%          2    None
l - Mephitic Cloud        Conj/Pois/Air  #######.     1%          3    None


Dungeon Overview and Level Annotations

Branches:
Dungeon (1/1)

Altars:
Cheibriados
Dithmenos
Elyvilon
Fedhas
Gozag
Hepliaklqana
Kikubaaqudgha
Makhleb
Nemelex Xobeh
Okawaru
Qazlal
Ru
Sif Muna
Trog
Uskayaw
Vehumet
Wu Jian
Xom
Yredelemnul
Zin
The Shining One
Beogh
Jiyva
Lugonu

Shops:
D %}[[*%=%!=}=}:}[!?(

Annotations:
D exclusions: 3 doors, upstairs and 2 more exclusions


Innate Abilities, Weirdness & Mutations

You are partially covered in large bone plates. (SH +4)
You are agile. (Dex +2)
Your spells are a little harder to cast, but a little more powerful.


Message History

You feel your power returning.
Your base Fire Magic skill increases to level 14!
The spriggan defender hits you with a dagger!!
* * * LOW HITPOINT WARNING * * *
The spriggan defender misses you. x2
Unknown command.
Unknown command.
Unknown command.
You feel much better.
The spriggan defender completely misses you.
You block the spriggan defender's attack.
The spriggan defender hits the plant but does no damage.
The spriggan defender hits you with a dagger!!
* * * LOW HITPOINT WARNING * * *
The spriggan defender barely misses you.
You open the door.
The spriggan defender hits the plant with a dagger!
You block the spriggan defender's attack.
The spriggan defender hits you with a dagger!
You die...

......#♣♣.._)#...).#
+#############'#####
..........PP▓#.....+
≈≈........≈≈▓#.#########
≈≈≈.....P≈≈≈▓#.#%PP.....
≈≈≈≈≈..≈≈≈≈≈▓#.#PP§.i..########
≈≈≈≈≈≈≈≈≈≈≈≈▓#.#Pi§..###.∩⌠⌠∩.#
≈≈≈≈≈≈≈≈≈≈≈≈▓#.#ii§###.#.∩⌠⌠∩.#
≈≈≈≈≈≈≈≈≈≈≈≈▓#.#@###.§§#.∩∩∩∩.#
≈≈≈≈≈≈≈≈≈≈≈≈▓#.#'#§§§§§#.∩∩∩∩.#
≈≈≈≈≈≈≈≈≈≈≈≈▓#.#§§...§.#......#
≈≈≈≈≈≈≈≈≈≈≈≈▓#.#§§§..§§###++###
≈≈≈≈≈≈≈≈≈≈≈≈▓#...§§..§§#.⌠..⌠.#
≈≈≈≈≈≈≈≈≈≈≈≈▓#########§#......#
≈≈≈......≈≈≈▓ #§§§§....#
≈≈..∩∩.∩..≈≈▓ ......§§§§§§...#
▓▓▓▓▓▓▓▓▓▓▓▓▓ ......§§§§.....#


You could see 3 spriggan defenders.

Vanquished Creatures
  Sigmund (D)
  Rupert (D)
  A deep elf master archer (D)
  A kraken (D)
  Gastronok (D)
  3 deep elf demonologists (D)
  2 dire elephants (D)
  2 deep elf death magi (D)
  2 ice dragons (D)
  3 hydras (D)
  Erolcha (D)
  An alligator snapping turtle (D)
  4 death yaks (D)
  2 orc high priests (D)
  Urug (D)
  A death drake (D)
  A spriggan druid (D)
  An obsidian statue (D)
  A lindwurm (D)
  7 deep elf magi (D)
  2 elephants (D)
  2 black mambas (D)
  Edmund (D)
  2 spiny frogs (D)
  A rime drake (D)
  A komodo dragon (D)
  A queen bee (D)
  A spriggan defender (D)
  3 wandering mushrooms (D)
  2 tyrant leeches (D)
  8 blink frogs (D)
  5 snapping turtles (D)
  A shadow (D)
  5 redbacks (D)
  2 spriggans (D)
  A hydra simulacrum (D)
  A spatial vortex (D)
  3 orc warriors (D)
  A swamp drake (D)
  A necrophage (D)
  A black mamba simulacrum (D)
  2 fire dragon simulacra (D)
  5 two-headed ogres (D)
  A water elemental (D)
  A scorpion (D)
  27 killer bees (D)
  An electric eel (D)
  A jelly (D)
  A wizard (D)
  5 orc priests (D)
  2 orc wizards (D)
  A polar bear simulacrum (D)
  A necromancer (D)
  A kobold demonologist (D)
  3 humans (D)
  2 swamp drake simulacra (D)
  10 orcs (D)
  4 rats (D)
  A fungus (D)
  13 plants (D)
  A tentacle (D)
165 creatures vanquished.

Vanquished Creatures (collateral kills)
  4 killer bees (D)
4 creatures vanquished.

Vanquished Creatures (others)
  2 draconian scorchers (D)
  6 hellions (D)
  3 yaktaurs (D)
  A killer bee (D)
  A fungus (D)
  9 plants (D)
  3 tentacles (D)
25 creatures vanquished.

Grand Total: 194 creatures vanquished

Notes
Turn   | Place    | Note
-------+----------+-------------------------------------------
     0 | D        | Kidiri the Deep Elf Fire Elementalist began the quest for the Orb.
     0 | D        | Reached XP level 1. HP: 10/10 MP: 6/6
   126 | D        | Killed a yaktaur
   146 | D        | Killed a hellion
   156 | D        | Killed a hellion
   159 | D        | Killed a hellion
   163 | D        | Killed a white draconian scorcher
   173 | D        | Killed a hellion
   204 | D        | Noticed a scorpion
   209 | D        | Killed a scorpion
   209 | D        | Reached skill level 7 in Spellcasting
   209 | D        | Reached skill level 5 in Fire Magic
   209 | D        | Reached XP level 2. HP: 6/15 MP: 2/12
   209 | D        | Reached XP level 3. HP: 8/19 MP: 2/13
   210 | D        | Killed a white draconian scorcher
   232 | D        | Killed a hellion
   239 | D        | Reached XP level 4. HP: 18/24 MP: 1/15
   243 | D        | Learned a level 2 spell: Throw Flame
   247 | D        | Learned a level 3 spell: Conjure Flame
   251 | D        | Learned a level 3 spell: Inner Flame
   256 | D        | Learned a level 4 spell: Sticky Flame
   271 | D        | Killed a hellion
   344 | D        | Gained mutation: You are agile. (Dex +2) [potion of mutation]
   344 | D        | Gained mutation: Your spells are a little harder to cast, but a little more powerful. [potion of mutation]
   344 | D        | Gained mutation: You are partially covered in large bone plates. (SH +4) [potion of mutation]
   353 | D        | Noticed a water elemental
   356 | D        | Killed a water elemental
   356 | D        | Reached skill level 1 in Fighting
   356 | D        | Reached skill level 1 in Short Blades
   356 | D        | Reached skill level 1 in Armour
   356 | D        | Reached skill level 8 in Spellcasting
   399 | D        | Found a radiant altar of Vehumet.
   400 | D        | Found a deep blue altar of Sif Muna.
   400 | D        | Found an ancient bone altar of Kikubaaqudgha.
   400 | D        | Noticed a wizard
   402 | D        | Killed a wizard
   402 | D        | Reached skill level 9 in Spellcasting
   402 | D        | Reached skill level 5 in Conjurations
   402 | D        | Reached XP level 5. HP: 29/29 MP: 12/18
   416 | D        | Learned a level 5 spell: Fireball
   420 | D        | Learned a level 3 spell: Mephitic Cloud
   425 | D        | Became a worshipper of Vehumet
   464 | D        | Found a glowing silver altar of Zin.
   465 | D        | Found a glowing golden altar of the Shining One.
   465 | D        | Found a white marble altar of Elyvilon.
   465 | D        | Noticed a deep elf mage
   473 | D        | Killed a deep elf mage
   473 | D        | Reached skill level 5 in Dodging
   473 | D        | Reached skill level 11 in Spellcasting
   473 | D        | Reached XP level 6. HP: 25/37 MP: 2/22
   473 | D        | Reached XP level 7. HP: 28/41 MP: 2/23
   589 | D        | Found an ornate altar of the Wu Jian Council.
   589 | D        | Found a roughly hewn altar of Beogh.
   589 | D        | Found an iron altar of Okawaru.
   589 | D        | Found a bloodstained altar of Trog.
   589 | D        | Found a hide-covered altar of Uskayaw.
   589 | D        | Noticed a human
   591 | D        | Noticed a human
   593 | D        | Killed a human
   594 | D        | Killed a human
   594 | D        | Reached * piety under Vehumet
   594 | D        | Offered knowledge of Sting by Vehumet.
   668 | D        | Found a basalt altar of Yredelemnul.
   668 | D        | Found a shadowy altar of Dithmenos.
   668 | D        | Found a sacrificial altar of Ru.
   758 | D        | Offered knowledge of Throw Frost by Vehumet.
   758 | D        | Reached ** piety under Vehumet
   759 | D        | Noticed a shadow
   768 | D        | Killed a shadow
   768 | D        | Reached skill level 5 in Short Blades
   768 | D        | Reached skill level 12 in Spellcasting
   768 | D        | Reached XP level 8. HP: 48/48 MP: 10/26
   780 | D        | Learned a level 2 spell: Throw Frost
   846 | D        | Found a blossoming altar of Fedhas.
   846 | D        | Found a stormy altar of Qazlal.
   846 | D        | Found a snail-covered altar of Cheibriados.
   846 | D        | Found a burning altar of Makhleb.
   846 | D        | Found a shimmering altar of Xom.
   847 | D        | Found a hazy altar of Hepliaklqana.
   847 | D        | Found an opulent altar of Gozag.
   847 | D        | Found a sparkling altar of Nemelex Xobeh.
   847 | D        | Found a corrupted altar of Lugonu.
   847 | D        | Found a viscous altar of Jiyva.
   864 | D        | Offered knowledge of Static Discharge by Vehumet.
   942 | D        | Reached skill level 1 in Ice Magic
   942 | D        | Reached skill level 5 in Poison Magic
   943 | D        | Reached *** piety under Vehumet
  1029 | D        | Noticed a two-headed ogre
  1034 | D        | Killed a two-headed ogre
  1034 | D        | Offered knowledge of Fulminant Prism by Vehumet.
  1034 | D        | Reached skill level 5 in Air Magic
  1229 | D        | Noticed a two-headed ogre
  1229 | D        | Noticed Erolcha
  1234 | D        | Killed Erolcha
  1234 | D        | Reached skill level 5 in Fighting
  1234 | D        | Reached skill level 5 in Armour
  1234 | D        | Reached skill level 13 in Spellcasting
  1234 | D        | Reached XP level 9. HP: 25/54 MP: 16/28
  1261 | D        | Killed a two-headed ogre
  1261 | D        | Reached **** piety under Vehumet
  1296 | D        | Offered knowledge of Bolt of Draining by Vehumet.
  1560 | D        | Noticed a queen bee
  1580 | D        | Reached ***** piety under Vehumet
  1584 | D        | HP: 2/54 [killer bee (7)]
  1585 | D        | Offered knowledge of Spellforged Servitor by Vehumet.
  1844 | D        | Offered knowledge of Bolt of Fire by Vehumet.
  1844 | D        | Reached skill level 14 in Spellcasting
  1852 | D        | Learned a level 6 spell: Bolt of Fire
  2306 | D        | Killed a yaktaur
  2361 | D        | Offered knowledge of Bolt of Magma by Vehumet.
  2368 | D        | Learned a level 5 spell: Bolt of Magma
  2402 | D        | Reached XP level 10. HP: 38/60 MP: 11/30
  2649 | D        | Reached skill level 5 in Ice Magic
  2726 | D        | Offered knowledge of Poison Arrow by Vehumet.
  2735 | D        | Reached ****** piety under Vehumet
  2843 | D        | Noticed a spiny frog
  2843 | D        | Noticed a spiny frog
  2846 | D        | Killed a spiny frog
  2846 | D        | Killed a spiny frog
  2846 | D        | Reached skill level 15 in Spellcasting
  2846 | D        | Reached skill level 10 in Fire Magic
  2938 | D        | Offered knowledge of Iron Shot by Vehumet.
  3090 | D        | Noticed a black mamba
  3094 | D        | Noticed a black mamba
  3096 | D        | Killed a black mamba
  3098 | D        | Killed a black mamba
  3099 | D        | Noticed a death yak
  3100 | D        | Noticed a death yak
  3103 | D        | Reached skill level 10 in Dodging
  3222 | D        | Noticed a death yak
  3225 | D        | Noticed a death yak
  3226 | D        | Killed a death yak
  3226 | D        | Reached skill level 10 in Conjurations
  3226 | D        | Reached XP level 11. HP: 66/66 MP: 18/32
  3227 | D        | Killed a death yak
  3228 | D        | Killed a death yak
  3228 | D        | Offered knowledge of Orb of Destruction by Vehumet.
  3228 | D        | Reached skill level 16 in Spellcasting
  3229 | D        | Killed a death yak
  3320 | D        | Noticed an azure jelly
  3320 | D        | Noticed an azure jelly
  3346 | D        | Noticed a lindwurm
  3351 | D        | Killed a lindwurm
  3389 | D        | Noticed Urug
  3394 | D        | Killed Urug
  3614 | D        | Noticed a four-headed hydra
  3614 | D        | Noticed a five-headed hydra
  3620 | D        | Killed a five-headed hydra
  3623 | D        | Noticed a death drake
  3755 | D        | Killed a death drake
  3755 | D        | Offered knowledge of Conjure Ball Lightning by Vehumet.
  3756 | D        | Killed a four-headed hydra
  3866 | D        | Found a blossoming altar of Fedhas.
  3866 | D        | Noticed a spriggan druid
  3867 | D        | Reached skill level 17 in Spellcasting
  3870 | D        | Killed a spriggan druid
  3975 | D        | Noticed a kraken
  4228 | D        | Killed a kraken
  4228 | D        | Reached skill level 10 in Poison Magic
  4228 | D        | Reached XP level 12. HP: 58/73 MP: 30/35
  4445 | D        | Found Fonynaag's Antique Armour Emporium.
  4445 | D        | Found Jeapp's Food Shop.
  4445 | D        | Found Kukkarirr's Jewellery Boutique.
  4445 | D        | Noticed an alligator snapping turtle
  4451 | D        | Offered knowledge of Fire Storm by Vehumet.
  4451 | D        | Offered knowledge of Shatter by Vehumet.
  4451 | D        | Offered knowledge of Ignition by Vehumet.
  4525 | D        | Learned a level 8 spell: Ignition
  4675 | D        | HP: 3/73 [alligator snapping turtle (25)]
  4676 | D        | Killed an alligator snapping turtle
  4808 | D        | Got a barnacled rune of Zot
  4931 | D        | Reached skill level 18 in Spellcasting
  5000 | D        | Noticed Rupert
  5008 | D        | Killed Rupert
  5280 | D        | Noticed an ice dragon
  5282 | D        | Killed an ice dragon
  5414 | D        | Noticed an ice dragon
  5414 | D        | Killed an ice dragon
  5414 | D        | Reached skill level 10 in Air Magic
  5420 | D        | Found Alaqu's Food Shoppe.
  5420 | D        | Found Tym Xae's Gadget Boutique.
  5425 | D        | Found Akaqaq's Antique Armour Emporium.
  5763 | D        | Noticed a four-headed hydra
  5767 | D        | Killed a four-headed hydra
  5787 | D        | Got a decaying rune of Zot
  6444 | D        | Noticed Sigmund
  6444 | D        | Noticed Edmund
  6449 | D        | Killed Sigmund
  6449 | D        | Reached skill level 19 in Spellcasting
  6449 | D        | Reached skill level 10 in Ice Magic
  6461 | D        | Killed Edmund
  6885 | D        | Found Nar Heu's Gadget Emporium.
  6885 | D        | Found Zavuwet's Gadget Shop.
  6885 | D        | Found Qang's Gadget Boutique.
  6885 | D        | Found Ukaumotu's Antique Weapon Shoppe.
  6885 | D        | Found Tedaj's Jewellery Boutique.
  6885 | D        | Found Zocitaf's Book Emporium.
  6885 | D        | Found Qeruaraw's Jewellery Shoppe.
  6885 | D        | Found Acsoeva's Magic Scroll Shop.
  6885 | D        | Found Ricazul's Distillery.
  6885 | D        | Found Patad's Distillery.
  6885 | D        | Found Jodyast's Food Emporium.
  6885 | D        | Found Jekeoss's Antique Armour Boutique.
  7005 | D        | Noticed an orc high priest
  7005 | D        | Noticed an orc high priest
  7008 | D        | Killed an orc high priest
  7008 | D        | Reached XP level 13. HP: 64/80 MP: 38/38
  7047 | D        | Found Inwel's Assorted Antiques.
  7213 | D        | Bought the +2 ratskin cloak {+Rats rPois rN+ Str-1 Int-1 Dex+1} for 722 gold pieces
  7213 | D        | Found the +2 ratskin cloak {+Rats rPois rN+ Str-1 Int-1 Dex+1}
  7213 | D        | Bought a pair of runed gloves for 195 gold pieces
  7226 | D        | Bought the amulet "Homo" {Gourm Dex+2 Stlth+} for 616 gold pieces
  7301 | D        | Bought a scorched leather armour for 133 gold pieces
  7311 | D        | Identified the cursed +1 leather armour of the Lost Path {rN+ Dex+4 Stlth+} (You bought it in a shop in the Dungeon)
  7371 | D        | Noticed an azure jelly
  7371 | D        | Noticed an azure jelly
  7372 | D        | Noticed a dire elephant
  7372 | D        | Noticed a dire elephant
  7372 | D        | Noticed Gastronok
  7377 | D        | Killed a dire elephant
  7377 | D        | Killed Gastronok
  7381 | D        | Killed a dire elephant
  7381 | D        | Reached skill level 20 in Spellcasting
  7544 | D        | Bought a +4 ring of evasion for 504 gold pieces
  7784 | D        | Noticed a deep elf demonologist
  7784 | D        | Noticed a deep elf death mage
  7992 | D        | Noticed a deep elf demonologist
  7998 | D        | Noticed a deep elf master archer
  7999 | D        | Noticed a deep elf demonologist
  8000 | D        | Killed a deep elf demonologist
  8000 | D        | Reached skill level 10 in Fighting
  8001 | D        | Killed a deep elf demonologist
  8001 | D        | Reached skill level 10 in Armour
  8005 | D        | Killed a deep elf death mage
  8006 | D        | Killed a deep elf demonologist
  8006 | D        | Killed a deep elf master archer
  8006 | D        | Reached skill level 21 in Spellcasting
  8007 | D        | Noticed a deep elf death mage
  8137 | D        | Learned a level 9 spell: Fire Storm
  8160 | D        | Killed a deep elf death mage
  8229 | D        | Got a faintly glowing rapier {vamp}
  8231 | D        | Got a smoking war axe {vamp}
  8241 | D        | Identified the Guide on Cloudy Stones
  8271 | D        | Got a translucent lapis lazuli ring
  8321 | D        | Identified the +0 war axe of Wu Jian's Anger {vamp, rC++ rN+ Int-3} (You took it off a deep elf demonologist in the Dungeon)
  8326 | D        | Identified the +11 rapier of Kaxan {vamp, Dex+3} (You took it off a deep elf demonologist in the Dungeon)
  8334 | D        | Identified the ring of Gunanita {MR+ Str+3 Stlth+} (You took it off a deep elf mage in the Dungeon)
  8486 | D        | Bought a scroll of identify for 46 gold pieces
  8486 | D        | Bought a scroll of identify for 46 gold pieces
  8556 | D        | Mangled by a spriggan defender

Vault maps used:
D:        dungeon_sprint_mu

Skill      XL: |  1  2  3  4  5  6  7  8  9 10 11 12 13 |
---------------+----------------------------------------+-----
Spellcasting   | 7 9 11 12 13 14 15 17 19 21 | 21.1
Conjurations   | 3 4 5 6 7 8 10 11 12 13 | 13.7
Fire Magic     | 5 6 7 8 9 10 11 12 14 | 14.0
Fighting       | 1 3 4 5 6 7 9 10 | 10.4
Short Blades   | 2 4 5 6 8 9 |  9.4
Armour         | 1 3 4 5 6 8 9 10 | 10.3
Dodging        | 3 5 6 8 9 10 11 | 11.5
Air Magic      | 3 4 5 6 7 9 10 11 | 11.9
Poison Magic   | 3 4 6 7 8 10 11 12 | 12.9
Ice Magic      | 3 4 6 8 10 11 | 11.9
Stealth        | |  2.4

Action                   |  1- 3 |  4- 6 |  7- 9 | 10-12 | 13-15 || total
-------------------------+-------+-------+-------+-------+-------++-------
Melee: Dagger            |     2 |     2 |    13 |     6 |       ||    23
 Cast: Flame Tongue      |    14 |     7 |    89 |    12 |     4 ||   126
       Sticky Flame      |       |     3 |    19 |     3 |     1 ||    26
       Conjure Flame     |       |     1 |    11 |     6 |       ||    18
       Mephitic Cloud    |       |     1 |     6 |     3 |       ||    10
       Throw Flame       |       |       |     1 |     1 |       ||     2
       Inner Flame       |       |       |     8 |       |     1 ||     9
       Bolt of Fire      |       |       |     2 |    99 |    24 ||   125
       Throw Frost       |       |       |     1 |     2 |       ||     3
       Bolt of Magma     |       |       |       |    12 |       ||    12
       Fireball          |       |       |       |    35 |     8 ||    43
       Ignition          |       |       |       |     1 |     1 ||     2
  Use: Potion            |     1 |     1 |     2 |     3 |     3 ||    10
       Scroll            |       |     4 |       |       |     5 ||     9
 Stab: Confused          |       |       |       |     1 |       ||     1
  Eat: Chunk             |       |       |     2 |     3 |    12 ||    17
       Royal jelly       |       |       |     3 |    13 |       ||    16
       Meat ration       |       |       |       |     1 |       ||     1
Armor: Robe              |       |     2 |     5 |     6 |       ||    13
Dodge: Dodged            |     7 |     9 |    74 |    37 |    13 ||   140
Block: Other             |       |       |     6 |    10 |     5 ||    21

Table legend:
 A = Spawn XP
 B = Non-spawn XP
 C = Spawn XP percentage of total XP
 D = Spawn monster count
 E = Non-spawn monster count
 F = Spawn count percentage of total count
 G = Total turns spent on level
                    A         B        C        D         E        F      G
               +---------+---------+-------+---------+---------+-------+---------
         Total |       0 |   58008 |   0.0 |       0 |     155 |   0.0 |  8556
               +---------+---------+-------+---------+---------+-------+---------
             D |       0 |   58008 |   0.0 |       0 |     155 |   0.0 |  8556
               +---------+---------+-------+---------+---------+-------+---------
